 Dungeon Crawl Stone Soup version 0.18.1-48-g4cf74bf (webtiles) character file.

717 Jerry the Insei (level 7, -11/56 HPs)
             Began as a Demigod Monk on Aug 5, 2016.
             Mangled by Prince Ribbit (15 damage)
             ... on level 5 of the Dungeon.
             The game lasted 00:26:49 (6409 turns).

Jerry the Insei (Demigod Monk)                      Turns: 6409, Time: 00:26:50

Health: -11/56     AC:  7    Str: 14    XL:     7   Next: 18%
Magic:  9/9        EV: 16    Int: 16    God:
Gold:   224        SH:  0    Dex: 20    Spells: 2 memorised, 2 levels left

rFire  . . .     SeeInvis .       - Unarmed
rCold  . . .     Gourm    .     w - +2 robe {MR+}
rNeg   . . .     Faith    .     (no shield)
rPois  .         Spirit   .     n - +0 helmet
rElec  .         Dismiss  .     (no cloak)
rCorr  .         Reflect  .     j - +0 pair of gloves
SustAt +         Harm     .     C - +0 pair of boots
MR     ++...                    (no amulet)
Stlth  ++........               (no ring)
                                u - ring of protection from magic

@: very resistant to hostile enchantments, unstealthy
A: high mp 1, sustain attributes
a: no special abilities


You were on level 5 of the Dungeon.
You were not hungry.

You visited 1 branch of the dungeon, and saw 6 of its levels.

You collected 224 gold pieces.

Inventory:

Hand Weapons
 m - a +4 club
 o - a +0 hunting sling
Missiles
 l - 213 stones (quivered)
 y - 8 tomahawks
Armour
 j - a +0 pair of gloves (worn)
 n - a +0 helmet (worn)
 w - a +2 robe of magic resistance (worn)
 C - a +0 pair of boots (worn)
Jewellery
 u - a ring of protection from magic (left hand)
Wands
 v - a wand of enslavement (9/24)
 B - a wand of confusion (12/48)
Scrolls
 c - 2 scrolls of recharging {unknown}
 d - 3 scrolls of enchant armour {unknown}
 e - 4 scrolls of magic mapping {unknown}
 f - a scroll of teleportation {unknown}
 g - a scroll of fog {unknown}
 k - 4 scrolls of identify {unknown}
 p - 3 scrolls of fear {unknown}
 x - 3 scrolls of remove curse {unknown}
 G - 3 scrolls of enchant weapon {unknown}
Potions
 a - a potion of haste {unknown}
 h - a potion of might {unknown}
 q - a potion of heal wounds
 r - 3 potions of lignification {unknown}
 s - 4 potions of curing {unknown}
 z - a potion of brilliance {unknown}
 H - a potion of berserk rage {unknown}
 I - a potion of magic {unknown}
Books
 A - a book of Necromancy

   Spells                             Type                      Level
   a - Pain                           Necromancy                   1
   b - Animate Skeleton               Necromancy                   1
   c - Vampiric Draining              Necromancy                   3
   d - Regeneration                   Charms/Necromancy            3
   e - Animate Dead                   Necromancy                   4
   f - Control Undead                 Necromancy                   4
Comestibles
 b - 4 bread rations
 i - a meat ration
 t - 2 slices of pizza
 D - a royal jelly
 E - a chunk of flesh
 F - a beef jerky


   Skills:
 - Level 2.6 Fighting
 + Level 5.6 Dodging
 - Level 1.7 Stealth
 + Level 6.1 Unarmed Combat
 + Level 1.5 Charms
 + Level 1.4 Necromancy


You had 2 spell levels left.
You knew the following spells:

 Your Spells              Type           Power        Failure   Level  Hunger
a - Animate Skeleton      Necr           N/A          17%         1    ##.....
b - Regeneration          Chrm/Necr      #.........   52%         3    ####...


Dungeon Overview and Level Annotations

Branches:
Dungeon (6/15)             Temple (0/1) D:5

Shops:
D:5 [

Annotations:
D:5 Eustachio, Prince Ribbit


Innate Abilities, Weirdness & Mutations

You have an increased reservoir of magic (+10% MP).
Your attributes are resistant to harm.


Message History

Evoke which item? (* to show all) (? for menu, Esc to quit)
Okay, then.
There is a stone staircase leading up here.
You climb upwards.
Level annotation: Eustachio, Prince Ribbit Prince Ribbit blinks!
There is a stone staircase leading down here.
You start resting.
Prince Ribbit hops awkwardly around.
Prince Ribbit hits you! Prince Ribbit hits you!
* * * LOW HITPOINT WARNING * * *
You are too injured to fight recklessly!
A quokka comes into view.
The quokka moves out of view.
Prince Ribbit catches a baby bat with his tongue.
Prince Ribbit misses you.
Prince Ribbit catches a mosquito with his tongue.
Prince Ribbit hits you!
You die...

#.##.# #.# #..# #.##.#
##.#.##.####.# #..#
#.##.# .............#
#..# #>##..
...######.F..#
#..##########.#### ####
###.#..# #.............#
#88.88.###..############
#8...8......#
#8.>.8.###F##
#8...8.###@#
#88888.#...#
######.#.#######
#.........# ###
###.#####.# ..# #.#
#...### #.# #.#
#.#...########## #.# #.#
#.#............. #.#
#.###.#...##########


You could see Prince Ribbit.

Vanquished Creatures
  A water moccasin zombie (D:5)
  A scorpion (D:4)
  2 crimson imps
  3 hounds
  An orc priest (D:4)
  An orc wizard (D:4)
  Jessica (D:3)
  2 iguanas
  2 worker ants
  Robin (D:1)
  4 gnolls (D:2)
  8 adders
  A shadow imp (D:5)
  An adder skeleton (D:6)
  6 worms
  2 dart slugs (D:1)
  5 giant geckos
  13 orcs
  A ball python (D:2)
  2 giant cockroaches
  22 goblins
  10 hobgoblins
  8 jackals
  A quokka (D:3)
  6 bats
  A giant newt (D:1)
  6 kobolds
  A quokka skeleton (D:4)
  9 rats
122 creatures vanquished.

Notes
Turn   | Place    | Note
--------------------------------------------------------------
     0 | D:1      | Jerry the Demigod Monk began the quest for the Orb.
     0 | D:1      | Reached XP level 1. HP: 18/18 MP: 3/3
   245 | D:1      | Reached XP level 2. HP: 6/25 MP: 4/4
   421 | D:1      | Reached skill level 4 in Unarmed Combat
   975 | D:2      | Noticed Robin
   984 | D:1      | Reached XP level 3. HP: 25/30 MP: 5/5
  1123 | D:1      | Killed Robin
  1582 | D:2      | Found an oddly glowing altar of Pakellas.
  1720 | D:2      | Reached XP level 4. HP: 37/37 MP: 6/6
  2227 | D:3      | Noticed Jessica
  2779 | D:2      | Reached XP level 5. HP: 14/42 MP: 7/7
  2994 | D:3      | Killed Jessica
  2994 | D:3      | Reached skill level 5 in Unarmed Combat
  3323 | D:3      | Found an opulent altar of Gozag.
  3503 | D:3      | Found a deep blue altar of Sif Muna.
  4023 | D:4      | Found an iron altar of Okawaru.
  4043 | D:4      | Reached XP level 6. HP: 28/50 MP: 8/8
  4414 | D:4      | Reached skill level 5 in Dodging
  4819 | D:4      | Learned a level 1 spell: Animate Skeleton
  4823 | D:4      | Learned a level 3 spell: Regeneration
  5331 | D:5      | Entered Level 5 of the Dungeon
  5331 | D:5      | Found Vokhil's Armour Shoppe.
  5331 | D:5      | Noticed Prince Ribbit
  5695 | D:5      | Reached skill level 6 in Unarmed Combat
  5695 | D:5      | Reached skill level 1 in Charms
  5839 | D:5      | Found a staircase to the Ecumenical Temple.
  5863 | D:5      | Noticed Eustachio
  6012 | D:5      | Reached skill level 1 in Necromancy
  6012 | D:5      | Reached XP level 7. HP: 56/56 MP: 9/9
  6131 | D:5      | Found Atihoski's General Store.
  6409 | D:5      | Mangled by Prince Ribbit

Skill      XL: |  1  2  3  4  5  6 |
---------------+-------------------+-----
Dodging        | 3 4 5 |  5.6
Unarmed Combat | 4 5 6 |  6.1
Charms         | 1 |  1.5
Necromancy     | 1 |  1.4
Fighting       | |  2.6
Stealth        | |  1.7

Action                   |  1- 3 |  4- 6 |  7- 9 || total
-------------------------+-------+-------+-------++-------
Melee: Unarmed           |   122 |   218 |    43 ||   383
       Punch             |     4 |     7 |     1 ||    12
       Club              |    16 |       |       ||    16
       Hunting sling     |       |     2 |       ||     2
 Fire: Hunting sling     |    37 |   168 |       ||   205
Throw: Stone             |       |     1 |     4 ||     5
 Cast: Animate Skeleton  |       |     1 |     3 ||     4
Evoke: Wand              |       |     1 |       ||     1
  Use: Potion            |     1 |       |       ||     1
 Stab: Sleeping          |     3 |     3 |       ||     6
  Eat: Chunk             |     2 |    14 |     2 ||    18
Armor: Robe              |    43 |    59 |     8 ||   110
Dodge: Dodged            |   160 |   170 |    23 ||   353
